 Dungeon Crawl Stone Soup version 0.23.2-40-g277498a001 (webtiles) character file.

Game seed: 11725056929878337386

285026 Clehvi the Thaumaturge (level 19, -25/150 HPs)
             Began as a Mummy Wizard on Oct 18, 2019.
             Was an Initiate of Gozag.
             Killed from afar by a crystal guardian (55 damage)
             ... with a crystal bolt
             ... on level 13 of the Dungeon on Oct 20, 2019.
             The game lasted 12:51:42 (99717 turns).

Clehvi the Thaumaturge (Mummy Wizard)              Turns: 99717, Time: 12:51:43

Health: -25/150    AC: 16    Str: 10    XL:     19   Next: 80%
Magic:  24/37      EV: 12    Int: 28    God:    Gozag
Gold:   8333       SH: 12    Dex: 12    Spells: 8/47 levels left

rFire    . . .     SeeInvis .   i - staff of conjuration
rCold    + . .     Gourm    .   N - +0 shield
rNeg     + + +     Faith    .   v - +2 robe {Archmagi}
rPois    ∞         Spirit   .   H - +0 helmet
rElec    +         Reflect  .   w - +2 cloak
rCorr    .         Harm     .   X - +3 pair of gloves "Xydotreg" {rElec Int+4}
MR       +++..                  Y - +2 pair of boots {run}
Stlth    ++........             B - amulet of magic regeneration
HPRegen  0.35/turn              o - ring of protection from magic
MPRegen  0.50/turn              G - ring of protection from fire

@: very slightly contaminated, quick
A: no food or potions, fire vulnerability, cold resistance 1, negative energy
resistance 3, torment resistance, unbreathing, in touch with death 1
}: 2/15 runes: serpentine, barnacled
a: Potion Petition, Call Merchant, Bribe Branch, Renounce Religion


You were on level 13 of the Dungeon.
You worshipped Gozag.
Gozag was greatly pleased with you.
You were not hungry.

You visited 10 branches of the dungeon, and saw 42 of its levels.
You also visited: Sewer.

You collected 14130 gold pieces.
You spent 1306 gold pieces at shops.
You paid 4491 gold pieces to Gozag.

Inventory:

Hand Weapons
 a - a +2 demon trident of flaming
 b - the +8 hand crossbow of the Lumpy Lovers {venom, rElec Str+3}
   (You found it on level 5 of the Lair of Beasts)

   It poisons the ammo it fires.
   It affects your strength (+3).
   It insulates you from electricity.
 P - a +0 blowgun
Missiles
 d - 508 bolts
 M - 6 throwing nets (quivered)
 R - 16 curare-tipped needles
Armour
 v - a +2 robe of the Archmagi (worn)
 w - a +2 cloak (worn)
 H - a +0 helmet (worn)
 N - a +0 shield (worn)
 V - a +1 robe of magic resistance
 W - the +1 ring mail of the Tundras {Int+5}
   (You bought it in a shop on level 2 of the Orcish Mines)

   It affects your intelligence (+5).
 X - the +3 pair of gloves "Xydotreg" (worn) {rElec Int+4}
   (You bought it in a shop on level 1 of the Shoals)

   It affects your intelligence (+4).
   It insulates you from electricity.
 Y - a +2 pair of boots of running (worn)
Magical Staves
 c - an uncursed staff of summoning
 i - an uncursed staff of conjuration (weapon)
Jewellery
 k - an uncursed ring of wizardry
 m - an uncursed ring of resist corrosion
 o - a ring of protection from magic (left hand)
 A - an uncursed ring of ice
 B - an amulet of magic regeneration (around neck)
 G - a ring of protection from fire (right hand)
 O - an uncursed ring of protection from magic
 S - an uncursed ring of fire
 U - an uncursed ring of flight
Wands
 j - a wand of polymorph (15)
 l - a wand of acid (29)
 p - a wand of flame (26)
 t - a wand of disintegration (56)
 K - a wand of digging (23)
 L - a wand of iceblast (20)
 Q - a wand of enslavement (10)
Scrolls
 e - a scroll of brand weapon
 f - 10 scrolls of teleportation
 g - 2 scrolls of acquirement
 h - 17 scrolls of remove curse
 n - 4 scrolls of noise
 q - 4 scrolls of enchant armour
 r - 13 scrolls of identify
 u - 12 scrolls of fog
 x - 7 scrolls of blinking
 y - 7 scrolls of vulnerability
 z - 5 scrolls of fear
 D - 4 scrolls of amnesia
 E - a scroll of magic mapping
 I - 4 scrolls of immolation
 J - a scroll of torment
 T - 3 scrolls of enchant weapon


   Skills:
 - Level 13.4 Fighting
 - Level 6.7 Polearms
 - Level 5.0 Armour
 - Level 2.0 Dodging
 - Level 1.5 Stealth
 * Level 13.9 Shields
 - Level 14.6 Spellcasting
 - Level 11.5 Conjurations
 * Level 5.6 Hexes
 - Level 6.0 Summonings
 - Level 3.0 Translocations
 - Level 9.7 Fire Magic
 * Level 10.5 Ice Magic
 * Level 8.9 Air Magic
 - Level 3.0 Poison Magic


You had 8 spell levels left.
You knew the following spells:

 Your Spells              Type           Power        Failure   Level  Hunger
a - Magic Dart            Conj           ####         1%          1    N/A
b - Throw Icicle          Conj/Ice       ########     1%          4    N/A
c - Freezing Cloud        Conj/Ice/Air   ########..   6%          6    N/A
d - Blink                 Tloc           N/A          1%          2    N/A
e - Conjure Flame         Conj/Fire      ########     1%          3    N/A
f - Summon Ice Beast      Ice/Summ       #######.     1%          4    N/A
g - Summon Small Mammal   Summ           ####         1%          1    N/A
h - Fireball              Conj/Fire      ########..   1%          5    N/A
i - Summon Butterflies    Summ           ######..     1%          1    N/A
j - Summon Mana Viper     Hex/Summ       ######..     7%          5    N/A
k - Mephitic Cloud        Conj/Pois/Air  #######.     1%          3    N/A
z - Sticky Flame          Conj/Fire      ########     1%          4    N/A

Your spell library contained the following spells:

 Spells                   Type           Power        Failure   Level  Hunger
 Apportation              Tloc           ######       1%          1    N/A
 Confusing Touch          Hex            ######       1%          1    N/A
 Flame Tongue             Conj/Fire      #####        1%          1    N/A
 Freeze                   Ice            ####         1%          1    N/A
 Call Imp                 Summ           ######..     1%          2    N/A
 Slow                     Hex            ######..     1%          2    N/A
 Throw Flame              Conj/Fire      ######       1%          2    N/A
 Throw Frost              Conj/Ice       ######       1%          2    N/A
 Confuse                  Hex            ######..     1%          3    N/A
 Inner Flame              Hex/Fire       #######.     1%          3    N/A
 Ozocubu's Armour         Chrm/Ice       ######..     1%          3    N/A
 Recall                   Summ/Tloc      N/A          1%          3    N/A
 Tukima's Dance           Hex            ######..     1%          3    N/A
 Animate Skeleton         Necr           N/A          2%          1    N/A
 Infusion                 Chrm           ####         2%          1    N/A
 Pain                     Necr           ####         2%          1    N/A
 Shroud of Golubria       Chrm/Tloc      #####.....   2%          2    N/A
 Gell's Gravitas          Tloc           ######....   2%          3    N/A
 Lesser Beckoning         Tloc           ######....   2%          3    N/A
 Spectral Weapon          Hex/Chrm       ######..     2%          3    N/A
 Metabolic Englaciation   Hex/Ice        #######...   2%          5    N/A
 Song of Slaying          Chrm           ####....     4%          2    N/A
 Sticks to Snakes         Tmut           ####....     4%          2    N/A
 Bolt of Cold             Conj/Ice       ########..   4%          6    N/A
 Ozocubu's Refrigeration  Ice            #######...   5%          6    N/A
 Aura of Abjuration       Summ           ######....   7%          5    N/A
 Summon Demon             Summ           ######....   7%          5    N/A
 Vampiric Draining        Necr           #####.....   9%          3    N/A
 Summon Forest            Summ/Tloc      ######....   12%         5    N/A
 Yara's Violent Unravell  Hex/Tmut       ######....   24%         5    N/A
 Animate Dead             Necr           N/A          28%         4    N/A
 Petrify                  Tmut/Erth      ####....     28%         4    N/A
 Shadow Creatures         Summ           N/A          36%         6    N/A
 Alistair's Intoxication  Tmut/Pois      #####...     38%         5    N/A
 Invisibility             Hex            ######..     38%         6    N/A
 Simulacrum               Ice/Necr       #######...   43%         6    N/A
 Borgnjor's Vile Clutch   Necr/Erth      #####.....   61%         5    N/A
 Dispersal                Tloc           ######....   77%         6    N/A
 Death Channel            Necr           #####.....   99%         6    N/A
 Controlled Blink         Tloc           N/A          100%        8    N/A
 Beastly Appendage        Tmut           Unusable     N/A         1    N/A
 Ice Form                 Ice/Tmut       Unusable     N/A         4    N/A
 Spider Form              Tmut/Pois      Unusable     N/A         3    N/A
 Regeneration             Chrm/Necr      Unusable     N/A         3    N/A
 Blade Hands              Tmut           Unusable     N/A         5    N/A

Dungeon Overview and Level Annotations

Branches:
Dungeon (15/15)            Temple (1/1) D:6            Lair (6/6) D:11
 Shoals (4/4) Lair:2        Snake (4/4) Lair:3        Slime (5/5) Lair:6
    Orc (2/2) D:10            Elf (3/3) Orc:2        Vaults (1/5) D:13
 Depths (1/5) D:15

Altars:
Ashenzari
Cheibriados
Dithmenos
Elyvilon
Fedhas
Gozag
Hepliaklqana
Kikubaaqudgha
Makhleb
Nemelex Xobeh
Okawaru
Qazlal
Ru
Sif Muna
Trog
Uskayaw
Wu Jian
Xom
Zin
The Shining One

Shops:
D:12 [   D:13 *   Orc:2 !%[}   Elf:1 ?   Elf:2 ?%   Shoals:1 (*=   Snake:2 (

Portals:
Pandemonium: Orc:2

Annotations:
D:7 exclusion: downstairs
D:11 1 runed translucent door
Lair:2 2 runed translucent doors, exclusion: 2 doors, grouchysmurf's ghost, journeyman MfSk
Shoals:2 ALo's ghost, adept MiBe
Shoals:3 exclusion: downstairs
Slime:5 Royal Jelly
Orc:1 exclusion: downstairs


Innate Abilities, Weirdness & Mutations

You do not eat or drink.
Your flesh is vulnerable to fire.
You are immune to poison.
Your flesh is cold resistant. (rC+)
You are immune to negative energy. (rN+++)
You are immune to unholy pain and torment.
You can survive without breathing.
You are in touch with the powers of death.


Message History

Your ice beast completely resists.
The crystal guardian hits your ice beast!
Your ice beast hits the crystal guardian but does no damage.
The crystal guardian fires a crystalline bolt at you.
The crystal bolt burns your ice beast!!!
Your ice beast melts!
Your ice beast dies!
The crystal bolt burns you!!
Casting: Summon Ice Beast (safe; 1% risk of failure)
Confirm with . or Enter, or press ? or * to list all spells.
You feel a surge of power!
You blink.
The crystal guardian fires a crystalline bolt at you.
The crystal bolt burns you!!
Unknown command.
The crystal guardian fires a crystalline bolt at you.
The crystal bolt burns you!!!
* * * LOW HITPOINT WARNING * * *
The crystal bolt burns you!!!
You die...
Your body crumbles into a pile of gold.

#.# *,,*,*#.##.## #.#
*.,#.*#.##.## #.#
*..#.##.##.#. #.#
*..#.##.##.#. #.#
*............ #.#
*#.#......... #§#
#.#.##.##.#. ##.###
#.#......... #.[.@#
#.#..#.##.#. ##8###
###.#..#.##.#.
##.#####.............
#...[...........##.#.
##.#...........[).[..
#.#.##..#.#....[....
#.#.#..8............
##.........#..#.#....
#....................


You could see a crystal guardian.

Vanquished Creatures
  Dissolution (Slime:3)
  3 deep elf blademasters
  15 acid blobs
  11 azure jellies
  3 nagarajas
  3 vault wardens (Vaults:1)
  2 deep elf sorcerers
  2 deep elf elementalists (Elf:3)
  2 very ugly things (Vaults:1)
  4 ironheart preservers
  2 deep elf demonologists (Elf:3)
  2 stone giants
  Nessos (Orc:2)
  The ghost of jaiteiro the Bludgeoner, a journeyman VSFi of the Shining One (Elf:2)
  A deep elf annihilator (Elf:3)
  4 merfolk impalers
  A deep elf death mage (Elf:3)
  An ettin (D:15)
  An ogre mage (D:15)
  3 deep elf high priests (Elf:3)
  A yaktaur captain (Vaults:1)
  Fannar (D:10)
  4 great orbs of eyes
  8 naga warriors
  A merfolk avatar (Shoals:3)
  2 hydras
  10 vault guards
  2 centaur warriors
  4 anacondas
  2 merfolk aquamancers
  A deep troll earth mage (Vaults:1)
  8 naga sharpshooters
  7 two-headed ogres
  3 orc high priests (Orc:2)
  2 tengu warriors (D:15)
  5 shock serpents
  A soul eater (Orc:2)
  Sonja (D:11)
  7 deep elf knights
  6 sea snakes
  7 deep trolls (Vaults:1)
  5 naga ritualists
  A wizard (Elf:1)
  A torturous demonspawn (Orc:2)
  2 unseen horrors
  8 harpies
  3 ironbrand convokers
  33 deep elf magi
  3 salamanders (Snake:4)
  A wolf spider (D:13)
  4 orc knights
  5 deep elf archers
  5 mana vipers
  5 shining eyes
  6 orc sorcerers (Orc:2)
  2 manticores (Shoals:1)
  A faun (Shoals:2)
  4 cyclopes
  5 elephants
  11 ugly things
  3 guardian serpents
  11 black mambas
  A water nymph (Shoals:4)
  2 vault sentinels
  An eye of devastation (Slime:1)
  17 naga magi
  An eye of devastation (shapeshifter) (Elf:2)
  2 centaur zombies
  Maurice (D:8)
  3 spiny frogs
  A kobold demonologist (D:15)
  5 centaur skeletons
  An orange demon (Orc:2)
  2 spectral merfolk (Shoals:2)
  6 komodo dragons
  A hellwing (Orc:2)
  A rime drake (Orc:2)
  A yaktaur (Vaults:1)
  3 meliai (D:13)
  A spectral harpy (Shoals:2)
  3 tengu conjurers
  11 merfolk
  4 trolls
  3 polar bears
  A spectral manticore (Shoals:2)
  52 slime creatures
  3 hornets
  4 blink frogs
  Prince Ribbit (D:7)
  2 dream sheep (Lair:6)
  4 hippogriffs
  A centaur simulacrum (D:14)
  2 air elementals (Elf:3)
  9 spriggans (Lair:6)
  18 yaks
  11 water elementals
  3 wraiths
  4 hungry ghosts
  A ynoxinul (Orc:2)
  Grum (D:11)
  A fire elemental (Elf:3)
  A hog (shapeshifter) (D:15)
  A sea snake simulacrum (Shoals:2)
  2 soldier ants (D:9)
  An acid dragon (Vaults:1)
  33 nagas
  A soldier ant (shapeshifter) (D:15)
  A water moccasin (Lair:5)
  3 porcupines
  A floating eye (Slime:2)
  29 orc warriors
  4 eyes of draining
  3 necrophages
  7 black bears
  11 ogres
  6 sky beasts
  6 phantoms
  10 boggarts
  19 wolves
  A boggart (shapeshifter) (Elf:3)
  3 centaurs
  3 crocodiles
  Blork the orc (D:5)
  A big kobold (D:12)
  9 bullfrogs
  An earth elemental (Elf:2)
  A wyvern skeleton (D:14)
  2 merfolk simulacra (Shoals:2)
  A scorpion (D:9)
  A water moccasin skeleton (D:7)
  2 howler monkeys
  4 wights (D:14)
  An electric eel (D:15)
  3 bullfrog zombies
  5 crimson imps
  4 hounds
  A quasit (D:12)
  23 orc priests
  Crazy Yiuf (D:7)
  2 jellies
  Ijyb (D:5)
  2 bullfrog skeletons
  12 worker ants
  2 iguanas
  15 orc wizards
  A killer bee zombie (D:6)
  A hound zombie (D:11)
  2 worker ant zombies
  2 gnolls (D:6)
  A howler monkey skeleton (D:5)
  16 adders
  7 river rats
  7 shadow imps
  4 oozes (Lair:6)
  An adder zombie (D:9)
  2 worms
  2 dart slugs (D:1)
  3 leopard geckos
  57 orcs
  7 giant cockroaches
  12 goblins
  9 hobgoblins
  4 jackals
  16 kobolds
  9 quokkas
  5 ball pythons
  6 bats
  6 frilled lizards
  A jackal skeleton (D:6)
  41 rats
917 creatures vanquished.

Vanquished Creatures (collateral kills)
  6 acid blobs
  Agnes (Snake:1)
  3 nagarajas (Snake:4)
  3 azure jellies
  5 deep elf sorcerers (Elf:3)
  An ironheart preserver (Vaults:1)
  2 very ugly things (Vaults:1)
  A deep elf demonologist (Elf:3)
  7 deep elf annihilators (Elf:3)
  A deep elf death mage (Elf:3)
  6 merfolk impalers
  Josephine (D:14)
  A fire dragon (D:11)
  3 deep elf high priests (Elf:3)
  A death ooze (Slime:3)
  2 great orbs of eyes
  2 vault guards (D:13)
  2 naga warriors
  5 hydras
  2 catoblepae
  2 ogre magi
  3 two-headed ogres
  3 centaur warriors
  An anaconda (Snake:3)
  2 merfolk avatars
  Erica (D:10)
  An alligator snapping turtle (Shoals:2)
  2 merfolk aquamancers
  A dancing weapon (Elf:3)
  2 orc high priests (Orc:2)
  A sun demon (Orc:2)
  4 deep elf knights
  4 naga sharpshooters (Snake:4)
  6 sea snakes
  2 deep trolls
  2 glowing orange brains (Vaults:1)
  3 deep elf archers
  An infernal demonspawn (Orc:2)
  3 harpies (Shoals:3)
  2 naga ritualists
  An ironbrand convoker (Vaults:1)
  4 mana vipers
  An orc knight (Orc:2)
  A wolf spider (Vaults:1)
  10 deep elf magi
  4 manticores
  8 fauns
  3 shining eyes
  2 salamanders
  2 ugly things (Vaults:1)
  Joseph (D:8)
  2 cyclopes
  6 elephants
  A guardian serpent (Snake:4)
  10 black mambas
  A merfolk siren (Shoals:1)
  5 water nymphs
  3 gargoyles
  3 eyes of devastation
  8 spiny frogs
  2 smoke demons (Orc:2)
  9 naga magi
  A komodo dragon (shapeshifter) (D:14)
  A yaktaur (shapeshifter) (Vaults:1)
  2 rime drakes
  8 yaktaurs
  5 komodo dragons
  5 trolls
  30 merfolk
  6 wind drakes
  23 slime creatures
  2 hornets (Lair:6)
  2 hippogriffs
  6 snapping turtles
  12 blink frogs
  19 dream sheep
  A ynoxinul (Orc:2)
  4 spriggans
  2 wyverns
  A vampire (D:12)
  16 yaks
  A wraith (D:14)
  6 water elementals
  2 basilisks
  2 steam dragons
  8 nagas
  An acid dragon (D:14)
  5 water moccasins
  A soldier ant (D:13)
  5 orc warriors
  11 porcupines
  An ice beast (D:5)
  3 ogres
  A wolf (Lair:6)
  6 eyes of draining
  4 centaurs
  8 crocodiles
  A big kobold (D:8)
  4 bullfrogs
  A scorpion (D:4)
  A wight (D:14)
  3 electric eels (Lair:2)
  A crimson imp (D:6)
  A jelly (D:1)
  3 orc wizards
  3 orc priests
  Terence (D:2)
  An iguana (D:5)
  6 hell rats (Lair:4)
  A worker ant (D:5)
  A hound zombie (D:5)
  Robin (D:2)
  3 gnolls (D:6)
  5 adders
  4 river rats (Sewer)
  An ooze (Sewer)
  A worm (D:4)
  A dart slug (D:4)
  17 orcs
  4 goblins (D:2)
  2 hobgoblins (D:2)
  3 jackals (D:4)
  A quokka (D:4)
  5 ball pythons (Sewer)
  A frilled lizard (Sewer)
  2 kobolds (D:8)
  8 rats (Sewer)
  A fungus (Lair:4)
  2 plants
489 creatures vanquished.

Vanquished Creatures (others)
  21 dancing weapons
  A merfolk (Shoals:4)
  An orc warrior (D:6)
  A centaur (D:14)
  2 electric eels
  2 gnolls (D:6)
  An orc (D:6)
  A butterfly (Lair:6)
  9 fungi
  39 plants
78 creatures vanquished.

Grand Total: 1484 creatures vanquished

Notes
Turn   | Place    | Note
-------+----------+-------------------------------------------
     0 | D:1      | Clehvi the Mummy Wizard began the quest for the Orb.
     0 | D:1      | Reached XP level 1. HP: 13/13 MP: 5/5
    13 | D:1      | Reached skill level 1 in Conjurations
   226 | D:1      | Reached XP level 2. HP: 10/20 MP: 0/7
   396 | D:1      | Learned a level 2 spell: Call Imp
   786 | D:1      | Reached skill level 1 in Summonings
  1503 | D:2      | Reached skill level 1 in Fighting
  1577 | D:2      | Noticed Terence
  1616 | D:2      | Reached XP level 3. HP: 26/26 MP: 5/8
  2472 | D:2      | Reached XP level 4. HP: 32/32 MP: 3/10
  2626 | D:2      | Killed Terence
  2901 | D:2      | Noticed Robin
  3089 | D:2      | Found a stormy altar of Qazlal.
  3173 | D:2      | Killed Robin
  3670 | D:3      | Found a shadowy altar of Dithmenos.
  3851 | D:3      | Reached XP level 5. HP: 32/38 MP: 6/12
  3897 | D:3      | Learned a level 2 spell: Blink
  3901 | D:3      | Learned a level 3 spell: Mephitic Cloud
  4462 | D:3      | Found a white marble altar of Elyvilon.
  4823 | D:4      | Noticed a phantom
  4846 | D:4      | Reached skill level 1 in Translocations
  5308 | D:4      | Killed a phantom
  5308 | D:4      | Reached skill level 1 in Air Magic
  5308 | D:4      | Reached skill level 1 in Poison Magic
  5308 | D:4      | Reached XP level 6. HP: 41/44 MP: 5/13
  5320 | D:4      | Found a burning altar of Makhleb.
  5875 | D:5      | Entered Level 5 of the Dungeon
  5882 | D:5      | Noticed an ice beast
  5955 | D:5      | Killed an ice beast
  5955 | D:5      | Reached skill level 5 in Spellcasting
  5972 | D:5      | Found a glowing golden altar of the Shining One.
  6076 | D:5      | Found a glowing drain.
  6080 | Sewer    | Entered a sewer
  7095 | Sewer    | Reached XP level 7. HP: 36/51 MP: 5/14
  7478 | D:5      | Learned a level 3 spell: Conjure Flame
  7747 | D:5      | Noticed Ijyb
  7760 | D:5      | Killed Ijyb
  9166 | D:5      | Reached skill level 6 in Spellcasting
  9166 | D:5      | Reached XP level 8. HP: 41/58 MP: 1/17
  9520 | D:5      | Noticed Blork the orc
 11066 | D:6      | Found a snail-covered altar of Cheibriados.
 11166 | D:6      | Found a staircase to the Ecumenical Temple.
 11203 | Temple   | Entered the Ecumenical Temple
 11330 | Temple   | Became a worshipper of Gozag Ym Sagoz the Greedy
 12039 | D:7      | Found an ornate altar of the Wu Jian Council.
 12210 | D:7      | Reached skill level 5 in Conjurations
 12282 | D:7      | Reached XP level 9. HP: 66/66 MP: 3/19
 12368 | D:7      | Reached skill level 7 in Spellcasting
 12632 | D:7      | Reached skill level 5 in Fighting
 13149 | D:7      | Reached skill level 8 in Spellcasting
 13539 | D:5      | Killed Blork the orc
 13740 | D:7      | Noticed Prince Ribbit
 13748 | D:7      | Killed Prince Ribbit
 13771 | D:7      | Reached skill level 1 in Shields
 13838 | D:7      | Found a runed translucent door.
 13839 | D:7      | Noticed Crazy Yiuf
 13853 | D:7      | Killed Crazy Yiuf
 13979 | D:8      | Noticed Maurice
 13983 | D:8      | Reached skill level 1 in Fire Magic
 14140 | D:8      | Found a hide-covered altar of Uskayaw.
 14143 | D:8      | Noticed a +0 hand axe
 14143 | D:8      | Noticed a +0 hand axe
 14780 | D:8      | Noticed Joseph
 14830 | D:8      | Killed Joseph
 14830 | D:8      | Reached skill level 9 in Spellcasting
 14830 | D:8      | Reached XP level 10. HP: 31/77 MP: 2/23
 15082 | D:8      | Found a bloodstained altar of Trog.
 15182 | D:8      | Killed Maurice
 15442 | D:8      | Found an ancient bone altar of Kikubaaqudgha.
 15516 | D:9      | Noticed a gargoyle
 16758 | D:10     | Entered Level 10 of the Dungeon
 16846 | D:10     | Noticed Erica
 16863 | D:10     | Killed Erica
 16863 | D:10     | Reached skill level 10 in Spellcasting
 17366 | D:10     | Found a staircase to the Orcish Mines.
 17765 | D:11     | Noticed Grum
 17774 | D:11     | Killed Grum
 18359 | D:11     | Noticed a fire dragon
 18550 | D:11     | Learned a level 4 spell: Summon Ice Beast
 18577 | D:11     | Noticed a cyclops
 18599 | D:11     | Killed a cyclops
 18599 | D:11     | Reached skill level 5 in Shields
 18738 | D:11     | Reached XP level 11. HP: 86/86 MP: 18/25
 18758 | D:11     | Reached skill level 1 in Ice Magic
 18988 | D:11     | Found a staircase to the Lair.
 19140 | D:11     | Learned a level 1 spell: Summon Small Mammal
 19238 | D:11     | Noticed Sonja
 19255 | D:11     | Killed Sonja
 19668 | Orc:1    | Entered Level 1 of the Orcish Mines
 20154 | Orc:1    | Noticed Fannar
 20406 | D:10     | Killed Fannar
 20495 | Orc:1    | Noticed a stone giant
 21335 | D:12     | Noticed a five-headed hydra
 21352 | D:12     | Killed a five-headed hydra
 21390 | D:12     | Reached skill level 11 in Spellcasting
 21490 | D:12     | Found Lewerche's Armour Boutique.
 21545 | D:12     | Bought a +0 cloak for 63 gold pieces
 21684 | D:12     | Noticed a deep elf mage
 23196 | D:11     | Killed a fire dragon
 23345 | D:11     | Found a glowing silver altar of Zin.
 23345 | D:11     | Found a runed translucent door.
 23345 | D:11     | Noticed an angel
 23461 | Lair:1   | Entered Level 1 of the Lair of Beasts
 23500 | Lair:1   | Found an iron altar of Okawaru.
 23824 | Lair:1   | Noticed a six-headed hydra
 23831 | Lair:1   | Killed a six-headed hydra
 23831 | Lair:1   | Reached skill level 5 in Summonings
 24031 | Lair:1   | Identified the Papyrus of Warped Fire
 24073 | Lair:1   | Noticed a catoblepas
 24090 | Lair:1   | Killed a catoblepas
 24428 | Lair:1   | You fall through a shaft!
 24573 | Lair:2   | Noticed a catoblepas
 25390 | Lair:2   | Reached XP level 12. HP: 95/95 MP: 19/27
 26334 | Lair:2   | Learned a level 4 spell: Sticky Flame
 26460 | Lair:2   | Reached skill level 5 in Ice Magic
 26523 | Lair:2   | Found a large runed translucent door.
 26523 | Lair:2   | Found a large runed translucent door.
 26525 | Lair:2   | Noticed grouchysmurf's ghost (journeyman MfSk)
 26793 | Lair:2   | Found a staircase to the Shoals.
 27054 | Lair:2   | Killed a catoblepas
 27517 | Lair:3   | Noticed an eight-headed hydra
 27771 | Lair:4   | Learned a level 5 spell: Fireball
 29508 | Lair:4   | Noticed a five-headed hydra
 29516 | Lair:4   | Killed a five-headed hydra
 29744 | Lair:4   | Got a distressingly furry leather armour
 29768 | Lair:4   | Identified the +0 leather armour of Bucegg {rPois Str+4
                  | Slay-5 SInv} (You found it on level 4 of the Lair of
                  | Beasts)
 29913 | Lair:4   | Reached skill level 10 in Fighting
 30464 | Lair:4   | Reached skill level 5 in Fire Magic
 30663 | Lair:3   | Killed an eight-headed hydra
 30830 | Lair:3   | Found a staircase to the Snake Pit.
 31112 | Lair:5   | Got a crude hand crossbow
 32072 | Lair:5   | Noticed a five-headed hydra
 32081 | Lair:5   | Killed a five-headed hydra
 32347 | Lair:5   | Gained mutation: You are in touch with the powers of death.
                  | [Mummy growth]
 32347 | Lair:5   | Reached XP level 13. HP: 84/103 MP: 15/28
 32526 | Lair:5   | Identified the +8 hand crossbow of the Lumpy Lovers {venom,
                  | rElec Str+3} (You found it on level 5 of the Lair of
                  | Beasts)
 33002 | Lair:6   | Entered Level 6 of the Lair of Beasts
 33625 | Lair:6   | Found a staircase to the Slime Pits.
 36772 | D:10     | Killed a stone giant
 37198 | Orc:2    | Entered Level 2 of the Orcish Mines
 37354 | Orc:2    | Noticed Nessos
 37793 | Orc:2    | Found a staircase to the Elven Halls.
 38800 | Orc:2    | Found a burning altar of Makhleb.
 39226 | Orc:2    | Found Yxihot's Distillery.
 39236 | Orc:2    | Found Sinlimoc's Food Shop.
 40538 | Orc:2    | Reached XP level 14. HP: 113/113 MP: 29/29
 40690 | Orc:2    | Killed Nessos
 41308 | Orc:2    | Found Jiggumm's Antique Armour Emporium.
 41308 | Orc:2    | Found a one-way gate leading to the halls of Pandemonium.
 41308 | Orc:2    | Found Kyisith's Gadget Shoppe.
 41310 | Orc:2    | Bought a pair of glowing gloves for 202 gold pieces
 41310 | Orc:2    | Bought a transparent ring mail for 243 gold pieces
 41331 | Orc:2    | Identified the +1 ring mail of the Tundras {Int+5} (You
                  | bought it in a shop on level 2 of the Orcish Mines)
 41658 | Shoals:1 | Entered Level 1 of the Shoals
 43808 | Shoals:1 | Got a slimy short sword
 43809 | Shoals:1 | Identified the cursed +2 short sword of Doom {pierce, rF+
                  | rN+ Int-5 Dex+6} (You found it on level 1 of the Shoals)
 45971 | Shoals:2 | Found a runed translucent gate.
 45971 | Shoals:2 | Found a runed translucent gate.
 45971 | Shoals:2 | Found a runed translucent gate.
 45972 | Shoals:2 | Noticed ALo's ghost (adept MiBe)
 46411 | Shoals:3 | Reached skill level 1 in Polearms
 46425 | Shoals:3 | Got a silken robe
 48227 | Shoals:3 | HP: 1/114 [merfolk/+0 trident (7)]
 48289 | Shoals:3 | HP: 1/114 [manticore/volley of spikes (13)]
 48353 | Shoals:3 | HP: 5/114 [merfolk/+0 trident (15)]
 48872 | Shoals:1 | Bought a pair of distressingly furry gloves for 190 gold
                  | pieces
 48872 | Shoals:1 | Bought a pair of embroidered boots for 150 gold pieces
 48882 | Shoals:1 | Identified a +0 pair of boots of running (You bought it in
                  | a shop on level 1 of the Shoals)
 48893 | Shoals:1 | Identified the +3 pair of gloves "Xydotreg" {rElec Int+4}
                  | (You bought it in a shop on level 1 of the Shoals)
 48912 | Shoals:1 | Identified the cursed +0 robe of the Nine Tables {rF++
                  | Regen+ Int-5 Stlth+} (You found it on level 3 of the
                  | Shoals)
 49602 | Shoals:4 | Entered Level 4 of the Shoals
 49612 | Shoals:4 | Reached skill level 12 in Spellcasting
 49775 | Shoals:3 | Reached skill level 10 in Shields
 50884 | Shoals:4 | Reached XP level 15. HP: 95/120 MP: 14/31
 53101 | Shoals:4 | Got a barnacled rune of Zot
 54679 | Snake:1  | Entered Level 1 of the Snake Pit
 54807 | Snake:1  | Got a slimy golden amulet
 54808 | Snake:1  | Identified the amulet "Vagiepne" {Spirit rN+} (You found it
                  | on level 1 of the Snake Pit)
 55070 | Snake:1  | Learned a level 4 spell: Throw Icicle
 55325 | Snake:1  | Noticed Agnes
 55396 | Snake:1  | Killed Agnes
 55974 | Snake:2  | Learned a level 1 spell: Summon Butterflies
 56030 | Snake:2  | Found Bionkeem's Weapon Shop.
 56171 | Snake:2  | Noticed a nagaraja
 56201 | Snake:2  | Killed a nagaraja
 58903 | Snake:4  | Entered Level 4 of the Snake Pit
 58985 | Snake:4  | Reached skill level 5 in Polearms
 59480 | Snake:4  | Noticed a nagaraja
 60388 | Snake:4  | Killed a nagaraja
 61139 | Snake:4  | Reached XP level 16. HP: 129/129 MP: 18/32
 62909 | Snake:4  | Reached skill level 13 in Spellcasting
 63076 | Snake:4  | Reached skill level 10 in Conjurations
 65371 | Snake:4  | Got a serpentine rune of Zot
 67346 | D:13     | Found a gate to the Vaults.
 68395 | D:14     | Noticed Josephine
 68520 | Vaults:1 | Entered Level 1 of the Vaults
 68930 | D:14     | Killed Josephine
 69641 | D:14     | Identified a scroll of acquirement
 69657 | D:14     | Found a sparkling altar of Nemelex Xobeh.
 70043 | D:15     | Entered Level 15 of the Dungeon
 70385 | D:15     | Found a staircase to the Depths.
 71411 | D:15     | Reached XP level 17. HP: 136/136 MP: 15/34
 72084 | Depths:1 | Entered Level 1 of the Depths
 72701 | Vaults:1 | Found a glowing golden altar of the Shining One.
 73842 | Vaults:1 | Reached skill level 5 in Air Magic
 77561 | Elf:1    | Entered Level 1 of the Elven Halls
 78275 | Elf:1    | Reached skill level 1 in Armour
 78275 | Elf:1    | Reached skill level 14 in Spellcasting
 78857 | Elf:1    | You fall through a shaft!
 78939 | Elf:2    | Found Layc Bun's Food Boutique.
 78988 | Elf:2    | Found Keawoko's Magic Scroll Shop.
 79106 | Elf:2    | Bought a scroll of identify for 34 gold pieces
 79106 | Elf:2    | Bought a scroll of blinking for 127 gold pieces
 79106 | Elf:2    | Bought 2 scrolls of identify for 68 gold pieces
 79106 | Elf:2    | Bought a scroll of teleportation for 51 gold pieces
 79106 | Elf:2    | Bought a scroll of teleportation for 51 gold pieces
 79106 | Elf:2    | Bought a scroll of enchant armour for 127 gold pieces
 79878 | Elf:2    | Found a runed translucent door.
 79882 | Elf:2    | Noticed jaiteiro's ghost (journeyman VSFi)
 79987 | Elf:2    | Killed jaiteiro's ghost
 80156 | Elf:2    | Identified the +2 scale mail of Adumeh {Str+3 Stlth+} (You
                  | found it on level 2 of the Elven Halls)
 80230 | Elf:1    | Found an ancient bone altar of Kikubaaqudgha.
 80527 | Elf:1    | Found Ynwa's Magic Scroll Boutique.
 80737 | Elf:2    | Reached XP level 18. HP: 144/144 MP: 22/36
 80799 | Elf:2    | Found a runed translucent gate.
 80799 | Elf:2    | Found a runed translucent gate.
 80799 | Elf:2    | Found a runed translucent gate.
 82504 | Elf:3    | Entered Level 3 of the Elven Halls
 83382 | Elf:3    | Noticed a Brimstone Fiend
 84698 | Elf:3    | Identified the amulet of the Distant Future {+Rage rElec
                  | rPois MR- Slay+2}
 85125 | Elf:3    | Identified the +11 spear of Anguish {pierce, rPois rF+}
 85769 | Elf:3    | Identified the +9 broad axe "Magon" {chop, Int+5}
 86138 | Elf:3    | Learned a level 5 spell: Summon Mana Viper
 86814 | Slime:1  | Entered Level 1 of the Pits of Slime
 87769 | Slime:1  | Reached skill level 1 in Hexes
 88112 | Slime:1  | HP: 4/144 [acid (6)]
 91199 | Slime:1  | Reached skill level 5 in Armour
 91304 | Slime:2  | Reached XP level 19. HP: 115/150 MP: 18/37
 93991 | Slime:3  | Paralysed by a great orb of eyes for 5 turns
 94535 | Slime:3  | Reached skill level 10 in Ice Magic
 94756 | Slime:2  | Learned a level 6 spell: Freezing Cloud
 94794 | Slime:3  | Noticed Dissolution
 94868 | Slime:3  | Killed Dissolution
 96316 | Slime:4  | Reached skill level 5 in Hexes
 97175 | Slime:5  | Entered Level 5 of the Pits of Slime
 98660 | Slime:5  | Noticed the Royal Jelly
 99462 | D:13     | Found Datal's General Store.
 99470 | D:13     | Found a gate to the Vaults.
 99717 | D:13     | Killed from afar by a crystal guardian

Skill      XL: |  1  2  3  4  5  6  7  8  9 10 11 12 13 14 15 16 17 18 19 |
---------------+----------------------------------------------------------+-----
Conjurations   | 1 2 3 4 5 6 8 9 10 11 | 11.5
Summonings     | 1 2 3 4 5 6 |  6.0
Fighting       | 1 2 3 4 6 8 9 10 11 12 13 | 13.4
Translocations | 1 2 3 |  3.0
Air Magic      | 1 2 3 4 6 7 8 |  8.9
Poison Magic   | 1 2 3 |  3.0
Spellcasting   | 5 6 9 10 11 12 13 14 | 14.6
Shields        | 2 5 6 7 8 10 11 12 13 | 13.9
Fire Magic     | 2 5 7 8 9 |  9.7
Ice Magic      | 4 5 6 7 8 9 10 | 10.5
Polearms       | 2 5 6 |  6.7
Dodging        | 2 |  2.0
Armour         | 2 5 |  5.0
Hexes          | 2 5 |  5.6
Stealth        | |  1.5

Action                   |  1- 3 |  4- 6 |  7- 9 | 10-12 | 13-15 | 16-18 | 19-21 || total
-------------------------+-------+-------+-------+-------+-------+-------+-------++-------
Melee: Short sword       |    10 |     4 |       |       |       |       |       ||    14
       Dagger            |       |     5 |       |       |       |       |       ||     5
       Spear             |       |    35 |   107 |    14 |       |       |       ||   156
       Trident           |       |       |       |    70 |   151 |       |       ||   221
       Demon trident     |       |       |       |       |    28 |    98 |       ||   126
       Staff             |       |       |       |       |       |     3 |     2 ||     5
 Fire: Hand crossbow     |       |       |       |       |   253 |    56 |       ||   309
Throw: Tomahawk          |     5 |     3 |       |     2 |    14 |       |       ||    24
 Cast: Magic Dart        |    89 |   192 |   501 |   522 |   149 |   106 |       ||  1559
       Call Imp          |     4 |    49 |    58 |    56 |       |       |       ||   167
       Blink             |       |     2 |     3 |    29 |    26 |    14 |     5 ||    79
       Mephitic Cloud    |       |     3 |    44 |   145 |   195 |    49 |       ||   436
       Conjure Flame     |       |       |    44 |    69 |    39 |    52 |       ||   204
       Summon Ice Beast  |       |       |       |   293 |   532 |   479 |    54 ||  1358
       Summon Small Mamm |       |       |       |     8 |    10 |       |       ||    18
       Sticky Flame      |       |       |       |    25 |    98 |    91 |     6 ||   220
       Fireball          |       |       |       |       |    36 |     5 |       ||    41
       Throw Icicle      |       |       |       |       |   127 |   637 |   154 ||   918
       Summon Butterflie |       |       |       |       |    10 |    59 |     3 ||    72
       Freezing Cloud    |       |       |       |       |       |       |    33 ||    33
       Summon Mana Viper |       |       |       |       |       |       |    15 ||    15
Invok: Potion Petition   |       |       |       |     1 |     2 |       |       ||     3
       Call Merchant     |       |       |       |       |     2 |     2 |       ||     4
Evoke: Wand              |       |       |     4 |       |     5 |     1 |       ||    10
  Use: Scroll            |       |     5 |     1 |    11 |    10 |     9 |       ||    36
 Stab: Distracted        |       |     1 |       |       |     6 |     4 |       ||    11
       Confused          |       |       |       |     6 |    10 |       |       ||    16
Armor: Robe              |     6 |     1 |       |    78 |    83 |     4 |    25 ||   197
       Animal skin       |       |    15 |     2 |       |       |       |       ||    17
       Leather armour    |       |       |    76 |    30 |       |       |       ||   106
       Ring mail         |       |       |       |       |   159 |   253 |    41 ||   453
Dodge: Dodged            |    29 |    72 |   152 |   165 |   350 |   158 |    48 ||   974
Block: Buckler           |       |       |       |    78 |   211 |    19 |       ||   308
       Shield            |       |       |       |       |       |   251 |    52 ||   303
